 Dungeon Crawl Stone Soup version 0.24.0-123-gd5b16e6ec5 (webtiles) character file.

Game seed: 9363043520325259008, levelgen mode: deterministic

17005 Seryem4 the Thaumaturge (level 12, -4/136 HPs)
             Began as a Gnoll Wizard on Jan 23, 2020.
             Was a Believer of Ashenzari.
             Slain by a blink frog (10 damage)
             ... on level 2 of the Lair of Beasts.
             The game lasted 01:28:41 (17397 turns).

Seryem4 the Thaumaturge (Gnoll Wizard)             Turns: 17397, Time: 01:28:42

Health: -4/136     AC: 20    Str: 16    XL:     12   Next: 43%
Magic:  28/37      EV: 17    Int: 28    God:    Ashenzari [**....]
Gold:   239        SH:  0    Dex: 14    Spells: 16/31 levels left

rFire    x . .     SeeInvis +   a - +3 halberd (elec)
rCold    + . .     Gourm    .   (shield currently unavailable)
rNeg     . . .     Faith    .   F - +0 ring mail (curse)
rPois    +         Spirit   .   q - +1 helmet {SInv}
rElec    +         Reflect  .   D - +0 cloak of the Arcane {rElec Slay+3} (curse)
rCorr    .         Harm     .   w - +0 pair of gloves
MR       .....                  L - +2 pair of boots (curse)
Stlth    ..........             (no amulet)
HPRegen  0.32/turn              K - +3 ring of protection
MPRegen  0.25/turn              i - ring of Mutoy {Ice rElec rPois MP+9 Int+4} (curse)

@: berserking, very quick
A: distributed training, claws 1, fangs 1, talons 1, molten scales 1, blurry
vision 1, high mp 1, strong nose
a: Curse Item, Scrying, Renounce Religion


You were on level 2 of the Lair of Beasts.
You worshipped Ashenzari.
Ashenzari was pleased with you.
You were near starving.

You visited 3 branches of the dungeon, and saw 14 of its levels.
You also visited: Gauntlet.

You collected 520 gold pieces.
You spent 281 gold pieces at shops.

Inventory:

Hand Weapons
 a - a +3 halberd of electrocution (weapon)
 b - a +1 hunting sling
Armour
 q - a +1 helmet of see invisible (worn)
 w - a +0 pair of gloves (worn)
 D - the cursed +0 cloak of the Arcane (worn) {rElec Slay+3}
   (You bought it in a shop on level 4 of the Dungeon)

   It affects your accuracy and damage with ranged weapons and melee attacks
   (+3).
   It insulates you from electricity.
   It has a curse placed upon it.
 F - a cursed +0 ring mail (worn)
 L - a cursed +2 pair of boots (worn)
Jewellery
 c - an uncursed ring of fire
 g - a +4 ring of dexterity
 i - the cursed ring of Mutoy (right hand) {Ice rElec rPois MP+9 Int+4}
   (You found it on level 11 of the Dungeon)

   [ring of ice]

   It enhances your ice magic.
   It affects your intelligence (+4).
   It makes you vulnerable to fire.
   It protects you from cold.
   It insulates you from electricity.
   It protects you from poison.
   It affects your magic capacity (+9).
   It has a curse placed upon it.
 r - the ring of the Monkey's Uncle {+Fly MR+ Str-4 Int+2 Stlth+}
   (You found it in a Gauntlet)

   [ring of flight]

   It affects your strength (-4).
   It affects your intelligence (+2).
   It affects your resistance to hostile enchantments.
   It lets you fly.
   It makes you more stealthy.
 E - an uncursed ring of magical power
 K - a +3 ring of protection (left hand)
 P - an uncursed ring of protection from magic
Wands
 k - a wand of polymorph (23)
 o - a wand of paralysis (15)
 N - a wand of flame (3)
Scrolls
 f - 4 scrolls of teleportation
 j - a scroll of enchant weapon
 n - 2 scrolls of holy word
 p - 3 scrolls of enchant armour
 x - 3 scrolls of immolation
 B - a scroll of fog
 C - a scroll of amnesia
 I - 4 scrolls of remove curse
 O - 5 scrolls of identify
Potions
 h - 2 potions of cancellation
 l - a potion of brilliance
 t - 2 potions of flight
Comestibles
 d - 23 rations


   Skills:
 + Level 7.1 Fighting
 + Level 7.1 Short Blades
 + Level 7.1 Long Blades
 + Level 7.1 Axes
 + Level 7.1 Maces & Flails
 + Level 7.1 Polearms
 + Level 7.1 Staves
 + Level 7.1 Slings
 + Level 7.1 Bows
 + Level 7.1 Crossbows
 + Level 7.1 Throwing
 + Level 7.1(8.6) Armour
 + Level 8.6(10.0) Dodging
 + Level 8.4 Stealth
 + Level 7.1 Shields
 + Level 7.1 Unarmed Combat
 + Level 10.1 Spellcasting
 + Level 6.3 Conjurations
 + Level 5.9 Hexes
 + Level 5.9 Charms
 + Level 6.3 Summonings
 + Level 5.9 Necromancy
 + Level 6.3 Translocations
 + Level 5.9 Transmutations
 + Level 5.9 Fire Magic
 + Level 5.9 Ice Magic
 + Level 5.9 Air Magic
 + Level 5.9 Earth Magic
 + Level 5.9 Poison Magic
 + Level 7.8 Invocations
 + Level 7.1 Evocations


You had 16 spell levels left.
You knew the following spells:

 Your Spells              Type           Power        Failure   Level  Hunger
a - Magic Dart            Conj           ####         1%          1    None
b - Call Imp              Summ           #####...     1%          2    None
c - Fulminant Prism       Conj/Hex       #####.....   5%          4    None
e - Conjure Flame         Conj/Fire      #####...     1%          3    None
f - Mephitic Cloud        Conj/Pois/Air  #####...     1%          3    None
i - Blink                 Tloc           N/A          1%          2    None

Your spell library contained the following spells:

 Spells                   Type           Power        Failure   Level  Hunger
 Corona                   Hex            #####..      1%          1    None
 Flame Tongue             Conj/Fire      #####        1%          1    None
 Sting                    Conj/Pois      ####         1%          1    None
 Ensorcelled Hibernation  Hex/Ice        ######       1%          2    None
 Poisonous Vapours        Pois/Air       #####.       1%          2    None
 Searing Ray              Conj           #####.       1%          2    None
 Slow                     Hex            #####...     1%          2    None
 Throw Flame              Conj/Fire      #####.       1%          2    None
 Confuse                  Hex            #####...     1%          3    None
 Dazzling Spray           Conj/Hex       #####.       1%          3    None
 Inner Flame              Hex/Fire       #####...     1%          3    None
 Portal Projectile        Hex/Tloc       #####.       1%          3    None
 Tukima's Dance           Hex            #####...     1%          3    None
 Force Lance              Conj/Tloc      #####...     4%          4    None
 Iskenderun's Mystic Bla  Conj           #####...     4%          4    None
 Cause Fear               Hex            #####.....   5%          4    None
 Leda's Liquefaction      Hex/Erth       #####.....   5%          4    None
 Olgreb's Toxic Radiance  Pois           #####...     5%          4    None
 Sticky Flame             Conj/Fire      #####...     5%          4    None
 Fireball                 Conj/Fire      #####.....   14%         5    ###....
 Venom Bolt               Conj/Pois      #####.....   14%         5    ###....
 Silence                  Hex/Air        #####.....   16%         5    ###....
 Yara's Violent Unravell  Hex/Tmut       #####.....   16%         5    ###....
 Darkness                 Hex            #####.....   65%         6    #####..
 Deflect Missiles         Chrm/Air       #####.....   65%         6    #####..
 Discord                  Hex            #####.....   100%        8    #######


Dungeon Overview and Level Annotations

Branches:
Dungeon (11/15)            Temple (1/1) D:5            Lair (2/6) D:10
  Swamp (0/4) Lair:2      Gauntlet (visited)
  Snake: Lair:2-4    Spider: Lair:2-4       Orc: D:9-12

Altars:
Ashenzari
Cheibriados
Dithmenos
Elyvilon
Fedhas
Gozag
Hepliaklqana
Kikubaaqudgha
Makhleb
Nemelex Xobeh
Okawaru
Qazlal
Ru
Sif Muna
Trog
Uskayaw
Vehumet
Wu Jian
Xom
Yredelemnul
Zin
The Shining One

Shops:
D:4 [   D:10 (

Portals:
Trove: D:10 (give 20 potions of curing)


Innate Abilities, Weirdness & Mutations

Your experience applies equally to all skills.
You have very sharp teeth.
Your uncanny sense of smell can sniff out nearby items.
You have sharp fingernails.
You have sharp toenails.
You are partially covered in molten scales. (AC +2)
Scrolls take you a little longer to read.
You have an increased reservoir of magic. (+10% MP)


Message History

Really read with blurry vision while enemies are nearby? [Y]es or [N]o only, please.
Really read with blurry vision while enemies are nearby?
You begin reading the scroll.
You continue reading the scroll.
The blink frog blinks!
The blink frog hits you.
* * * LOW HITPOINT WARNING * * *
The blink frog blinks!
As you read the scroll of teleportation, it crumbles to dust.
You feel strangely unstable.
Casting: Fulminant Prism (safe; 6% risk of failure)
Confirm with . or Enter, or press ? or * to list all spells.
You blink.
There is a stone staircase leading down here.
Your surroundings seem slightly different.
The blink frog blinks!
Really read with blurry vision while enemies are nearby?
Okay, then.
A red film seems to cover your vision as you go berserk!
You feel yourself moving faster!
You feel mighty! The blink frog hits you!
You die...

,,* #...##.#
##.........F.#.. ,,*
##...########....#..######P.
,** #.....# #....§..##P##
### ≈≈** #....##
###.#...#### # ≈≈>* ##....#
##....P.# # ****
#....###..>.#### ****** **
#..#..(.....# **,,,,**** ,*
##....#....F## *,,,,,**,* **
#....##..#.@.# ***,,,,,,**
≈** ##...##P##..##*
*,,,,,,,,* ,,*
#....####...)* *,,,*,,,,*
,*** ##.∩## *....##
*,,,,,,,,* ,,,* #...# ##...#
*,,,,,,,,* ,,,* #...# #...#
**,,,,,,*** ,,** #...#
#..##***,,,,**,* ,,****#...#
#...,,*,,,,*****
,,,,**P...#* **,,,,,,,,*** *


You could see a blink frog.

Vanquished Creatures
  A hydra (D:8)
  3 two-headed ogres
  A sixfirhy (Gauntlet)
  An unseen horror (D:10)
  A deep elf mage (D:10)
  4 elephants
  A spiny frog (Lair:2)
  A komodo dragon (D:9)
  A troll (D:9)
  Prince Ribbit (D:7)
  A raiju (Gauntlet)
  2 hippogriffs
  2 dream sheep (D:8)
  A vampire (D:11)
  25 yaks
  A hungry ghost (D:7)
  Duvessa (D:7)
  2 water moccasins
  2 porcupines (Lair:1)
  A hornet zombie (D:10)
  3 orc warriors
  An ice beast (D:7)
  3 sky beasts
  5 black bears
  2 necrophages
  4 ogres
  2 phantoms
  9 centaurs
  A crocodile (Lair:1)
  4 big kobolds
  7 bullfrogs
  Dowan (D:7)
  A scorpion (D:8)
  A water moccasin skeleton (D:5)
  A water moccasin zombie (D:7)
  5 wights (D:6)
  6 howler monkeys
  5 crimson imps
  A bullfrog zombie (D:10)
  4 jellies
  A quasit (D:7)
  4 hounds
  A gnoll shaman (D:7)
  8 orc priests
  6 orc wizards
  4 bullfrog skeletons
  A centaur skeleton (D:9)
  An iguana (D:7)
  2 worker ants
  A lightning spire (Gauntlet)
  2 worker ant zombies
  5 gnolls (D:7)
  2 howler monkey skeletons
  8 adders
  2 ufetubi (Gauntlet)
  An ooze (D:4)
  A worm (D:4)
  3 dart slugs
  2 leopard geckos
  32 orcs
  3 giant cockroaches
  5 goblins
  3 hobgoblins
  3 jackals (D:9)
  14 kobolds
  A quokka (D:8)
  10 bats
  2 frilled lizards
  A giant cockroach zombie (D:6)
  2 jackal skeletons (D:4)
  4 rats
  A fulminant prism (D:11)
255 creatures vanquished.

Vanquished Creatures (collateral kills)
  A komodo dragon (Lair:1)
  A hound (D:4)
  An orc priest (D:5)
  3 gnolls (D:2)
  2 adders
  A worm (D:2)
  An orc (D:4)
  A quokka skeleton (D:5)
11 creatures vanquished.

Vanquished Creatures (others)
  An orc (D:10)
  19 fulminant prisms
  8 fungi (Gauntlet)
  6 plants (Gauntlet)
  18 withered plants (Gauntlet)
52 creatures vanquished.

Grand Total: 318 creatures vanquished

Notes
Turn   | Place    | Note
-------+----------+-------------------------------------------
     0 | D:1      | Seryem4 the Gnoll Wizard began the quest for the Orb.
     0 | D:1      | Reached XP level 1. HP: 13/13 MP: 8/8
   357 | D:1      | Reached XP level 2. HP: 19/19 MP: 5/10
   361 | D:1      | Learned a level 2 spell: Call Imp
   364 | D:1      | Learned a level 2 spell: Blink
   866 | D:2      | Reached XP level 3. HP: 25/25 MP: 6/11
  1288 | D:2      | Reached skill level 1 in Invocations
  1602 | D:2      | Reached skill level 1 in Fighting
  1602 | D:2      | Reached skill level 1 in Short Blades
  1602 | D:2      | Reached skill level 1 in Long Blades
  1602 | D:2      | Reached skill level 1 in Axes
  1602 | D:2      | Reached skill level 1 in Maces & Flails
  1602 | D:2      | Reached skill level 1 in Polearms
  1602 | D:2      | Reached skill level 1 in Staves
  1602 | D:2      | Reached skill level 1 in Slings
  1602 | D:2      | Reached skill level 1 in Bows
  1602 | D:2      | Reached skill level 1 in Crossbows
  1602 | D:2      | Reached skill level 1 in Throwing
  1602 | D:2      | Reached skill level 1 in Armour
  1602 | D:2      | Reached skill level 1 in Shields
  1602 | D:2      | Reached skill level 1 in Unarmed Combat
  1602 | D:2      | Reached skill level 1 in Evocations
  1602 | D:2      | Reached XP level 4. HP: 32/32 MP: 7/13
  1744 | D:2      | Learned a level 3 spell: Conjure Flame
  1748 | D:2      | Learned a level 3 spell: Mephitic Cloud
  1915 | D:2      | Reached skill level 1 in Hexes
  1915 | D:2      | Reached skill level 1 in Charms
  1915 | D:2      | Reached skill level 1 in Necromancy
  1915 | D:2      | Reached skill level 1 in Transmutations
  1915 | D:2      | Reached skill level 1 in Fire Magic
  1915 | D:2      | Reached skill level 1 in Ice Magic
  1915 | D:2      | Reached skill level 1 in Air Magic
  1915 | D:2      | Reached skill level 1 in Earth Magic
  1915 | D:2      | Reached skill level 1 in Poison Magic
  2667 | D:3      | Reached XP level 5. HP: 37/37 MP: 7/14
  3191 | D:4      | Found Biham's Armour Emporium.
  3359 | D:4      | Noticed a phantom
  3403 | D:4      | Killed a phantom
  3403 | D:4      | Reached XP level 6. HP: 28/44 MP: 4/16
  3756 | D:4      | Found a shimmering blue altar of Sif Muna.
  3816 | D:4      | Reached skill level 5 in Dodging
  3928 | D:4      | Reached XP level 7. HP: 50/50 MP: 5/18
  4519 | D:5      | Entered Level 5 of the Dungeon
  4541 | D:5      | Gained mutation: You are partially covered in molten
                  | scales. (AC +2) [potion of mutation]
  4541 | D:5      | Gained mutation: Scrolls take you a little longer to read.
                  | [potion of mutation]
  4541 | D:5      | Gained mutation: You are somewhat resistant to further
                  | mutation. [potion of mutation]
  4544 | D:4      | Lost mutation: Scrolls take you a little longer to read.
                  | [potion of mutation]
  4544 | D:4      | Lost mutation: You are somewhat resistant to further
                  | mutation. [potion of mutation]
  4544 | D:4      | Gained mutation: You have sharp fingernails. [potion of
                  | mutation]
  4544 | D:4      | Gained mutation: You have sharp toenails. [potion of
                  | mutation]
  4544 | D:4      | Gained mutation: You have an increased reservoir of magic.
                  | (+10% MP) [potion of mutation]
  4804 | D:5      | Found a staircase to the Ecumenical Temple.
  4813 | Temple   | Entered the Ecumenical Temple
  4985 | Temple   | Became a worshipper of Ashenzari the Shackled
  5049 | D:5      | Reached skill level 5 in Stealth
  5253 | D:5      | Reached XP level 8. HP: 57/57 MP: 21/21
  5629 | D:5      | Found a burning altar of Makhleb.
  5735 | D:4      | Bought the cursed +0 cloak of the Arcane {rElec Slay+3} for
                  | 281 gold pieces
  6922 | D:7      | Noticed Prince Ribbit
  6941 | D:7      | Killed Prince Ribbit
  6941 | D:7      | Reached skill level 8 in Spellcasting
  7012 | D:7      | Reached * piety under Ashenzari
  7069 | D:7      | Reached XP level 9. HP: 56/65 MP: 23/23
  7128 | D:7      | Found an iron altar of Okawaru.
  7530 | D:7      | Noticed Duvessa
  7551 | D:7      | Killed Duvessa
  7558 | D:7      | Noticed Dowan
  7566 | D:7      | Killed Dowan
  7747 | D:8      | Noticed a two-headed ogre
  7752 | D:8      | Killed a two-headed ogre
  7752 | D:8      | Reached skill level 5 in Invocations
  7847 | D:8      | Reached XP level 10. HP: 73/73 MP: 24/24
  8392 | D:8      | Reached skill level 5 in Fighting
  8392 | D:8      | Reached skill level 5 in Short Blades
  8392 | D:8      | Reached skill level 5 in Long Blades
  8392 | D:8      | Reached skill level 5 in Axes
  8392 | D:8      | Reached skill level 5 in Maces & Flails
  8392 | D:8      | Reached skill level 5 in Polearms
  8392 | D:8      | Reached skill level 5 in Staves
  8392 | D:8      | Reached skill level 5 in Slings
  8392 | D:8      | Reached skill level 5 in Bows
  8392 | D:8      | Reached skill level 5 in Crossbows
  8392 | D:8      | Reached skill level 5 in Throwing
  8392 | D:8      | Reached skill level 5 in Armour
  8392 | D:8      | Reached skill level 5 in Shields
  8392 | D:8      | Reached skill level 5 in Unarmed Combat
  8392 | D:8      | Reached skill level 5 in Evocations
  8601 | D:8      | Noticed a three-headed hydra
  8655 | D:8      | Killed a three-headed hydra
  8655 | D:8      | Reached skill level 9 in Spellcasting
  9242 | D:9      | Reached skill level 5 in Conjurations
  9242 | D:9      | Reached skill level 5 in Summonings
  9242 | D:9      | Reached skill level 5 in Translocations
  9327 | D:9      | Found a shattered altar of Ashenzari.
  9818 | D:9      | Reached XP level 11. HP: 52/81 MP: 20/26
 10394 | D:10     | Entered Level 10 of the Dungeon
 10394 | D:10     | Noticed a deep elf mage
 11421 | D:10     | Noticed a two-headed ogre
 11431 | D:10     | Killed a two-headed ogre
 11431 | D:10     | Reached skill level 5 in Hexes
 11431 | D:10     | Reached skill level 5 in Charms
 11431 | D:10     | Reached skill level 5 in Necromancy
 11431 | D:10     | Reached skill level 5 in Transmutations
 11431 | D:10     | Reached skill level 5 in Fire Magic
 11431 | D:10     | Reached skill level 5 in Ice Magic
 11431 | D:10     | Reached skill level 5 in Air Magic
 11431 | D:10     | Reached skill level 5 in Earth Magic
 11431 | D:10     | Reached skill level 5 in Poison Magic
 11627 | D:10     | Killed a deep elf mage
 12500 | D:10     | Killed an unseen horror
 12542 | D:10     | Found a staircase to the Lair.
 12588 | D:10     | Reached ** piety under Ashenzari
 13334 | D:10     | Noticed a two-headed ogre
 13535 | D:10     | Killed a two-headed ogre
 13805 | D:10     | Found Qoploepu's Weapon Shoppe.
 13889 | D:10     | Found a portal to a secret trove of treasure.
 14122 | D:11     | Noticed a wizard
 14183 | D:11     | Identified the ring of Mutoy {Ice rElec rPois MP+9 Int+4}
 14301 | D:10     | Learned a level 4 spell: Fulminant Prism
 14552 | D:11     | Noticed a manticore
 14727 | Lair:1   | Entered Level 1 of the Lair of Beasts
 14769 | Lair:1   | Reached XP level 12. HP: 89/89 MP: 28/28
 15225 | Lair:1   | Reached skill level 10 in Spellcasting
 15678 | Lair:2   | Found a gate leading to a gauntlet.
 15699 | Gauntlet | Entered a Gauntlet
 15699 | Gauntlet | Found a transporter.
 15725 | Gauntlet | Found a transporter.
 15740 | Gauntlet | Found a transporter.
 15742 | Gauntlet | Found a large runed translucent door.
 15742 | Gauntlet | Found a large runed translucent door.
 15743 | Gauntlet | Found a large runed translucent door.
 15743 | Gauntlet | Found a large runed translucent door.
 15744 | Gauntlet | Found a large runed translucent door.
 15744 | Gauntlet | Found a large runed translucent door.
 15744 | Gauntlet | Found a runed translucent door.
 15744 | Gauntlet | Found a runed translucent door.
 15744 | Gauntlet | Found a large runed translucent door.
 15745 | Gauntlet | Found a transporter.
 15765 | Gauntlet | Found a transporter.
 15770 | Gauntlet | Identified the ring of the Monkey's Uncle {+Fly MR+ Str-4
                  | Int+2 Stlth+}
 15775 | Gauntlet | Found a large runed translucent door.
 15776 | Gauntlet | Found a large runed translucent door.
 15777 | Gauntlet | Found a large runed translucent door.
 15777 | Gauntlet | Found a large runed translucent door.
 15778 | Gauntlet | Found a runed translucent gate.
 15779 | Gauntlet | Identified the ring of Oteril {rPois Str+5 Dex+2}
 15779 | Gauntlet | Found a transporter.
 15779 | Gauntlet | Found a runed translucent gate.
 15779 | Gauntlet | Noticed a hell hog
 15780 | Gauntlet | Found a runed translucent gate.
 15781 | Gauntlet | Found a large runed translucent door.
 15781 | Gauntlet | Found a large runed translucent door.
 15782 | Gauntlet | Found a large runed translucent door.
 15783 | Gauntlet | Found a large runed translucent door.
 15791 | Gauntlet | Identified the +1 pair of boots of Compression {rF++}
 15791 | Gauntlet | Found a transporter.
 15803 | Gauntlet | Found a transporter.
 15803 | Gauntlet | Noticed a great orb of eyes
 15809 | Gauntlet | Found a transporter.
 15809 | Gauntlet | Found a transporter.
 15815 | Gauntlet | Identified the ring "Suvuow" {*Tele rC+ Str+4 Dex+3}
 15824 | Gauntlet | Identified a +0 pair of boots of running
 15824 | Gauntlet | Found a transporter.
 15836 | Gauntlet | Found a transporter.
 15838 | Gauntlet | Identified the cursed +0 cloak of Rel Oroi {MR- rCorr Str+9
                  | Stlth-}
 15842 | Gauntlet | Found a transporter.
 15879 | Gauntlet | Found a transporter.
 15881 | Gauntlet | Found a transporter.
 15908 | Gauntlet | Found a transporter.
 16000 | Gauntlet | Found a large runed translucent door.
 16006 | Gauntlet | Found a transporter.
 16174 | Gauntlet | Found a transporter.
 16764 | Gauntlet | Noticed a minotaur
 16785 | Gauntlet | Identified Erarisav's Almanac of Execration
 16839 | Lair:1   | Gained mutation: Scrolls take you a little longer to read.
                  | [mutagenic glow]
 17391 | Lair:2   | HP: 3/91 [blink frog (3)]
 17397 | Lair:2   | Slain by a blink frog

Levels and vault maps discovered:
D:1:      wander_arrival_chamber, layout_basic
D:2:      layout_basic
D:3:      layout_loops_cross
D:4:      layout_basic, serial_shops, nicolae_shop_stone, first_ration,
          led_sif_pool
D:5:      layout_cave_pools, temple_statues, basic_altar
D:6:      layout_layer_cave
D:7:      layout_loops_ring, overflow_temple_1_default, uniq_prince_ribbit1,
          uniq_duvessa
D:8:      layout_basic, hangedman_ranch [blue_anna_fruit_fields]
D:9:      layout_stronghold, basic_altar, chequers_garden
D:10:     layout_layer_cave, lair_entry_dummy, serial_shops, shop,
          nicolae_trove_entry_diagonal, amethyst_killhole
D:11:     layout_basic, gammafunk_ghost_hive, serial_shops,
          nicolae_shop_behind_doors
Temple:   minmay_crystal_snake_temple
Lair:1:   layout_regular_city
Lair:2:   layout_concentric_octagons, palyth_hydra_swamp_entry,
          gauntlet_entry_generic

Skill      XL: |  1  2  3  4  5  6  7  8  9 10 11 12 |
---------------+-------------------------------------+-----
Conjurations   | 2 3 4 5 6 |  6.3
Summonings     | 2 3 4 5 6 |  6.3
Translocations | 2 3 4 5 6 |  6.3
Invocations    | 1 2 3 4 5 6 7 |  7.8
Fighting       | 1 2 3 4 5 6 7 |  7.1
Short Blades   | 1 2 3 4 5 6 7 |  7.1
Long Blades    | 1 2 3 4 5 6 7 |  7.1
Axes           | 1 2 3 4 5 6 7 |  7.1
Maces & Flails | 1 2 3 4 5 6 7 |  7.1
Polearms       | 1 2 3 4 5 6 7 |  7.1
Staves         | 1 2 3 4 5 6 7 |  7.1
Slings         | 1 2 3 4 5 6 7 |  7.1
Bows           | 1 2 3 4 5 6 7 |  7.1
Crossbows      | 1 2 3 4 5 6 7 |  7.1
Throwing       | 1 2 3 4 5 6 7 |  7.1
Armour         | 1 2 3 4 5 6 7 |  7.1
Shields        | 1 2 3 4 5 6 7 |  7.1
Unarmed Combat | 1 2 3 4 5 6 7 |  7.1
Evocations     | 1 2 3 4 5 6 7 |  7.1
Hexes          | 1 2 3 4 5 |  5.9
Charms         | 1 2 3 4 5 |  5.9
Necromancy     | 1 2 3 4 5 |  5.9
Transmutations | 1 2 3 4 5 |  5.9
Fire Magic     | 1 2 3 4 5 |  5.9
Ice Magic      | 1 2 3 4 5 |  5.9
Air Magic      | 1 2 3 4 5 |  5.9
Earth Magic    | 1 2 3 4 5 |  5.9
Poison Magic   | 1 2 3 4 5 |  5.9
Dodging        | 5 6 7 8 |  8.6
Stealth        | 5 6 7 8 |  8.4
Spellcasting   | 8 9 10 | 10.1

Action                   |  1- 3 |  4- 6 |  7- 9 | 10-12 || total
-------------------------+-------+-------+-------+-------++-------
Melee: Dagger            |     1 |     7 |       |       ||     8
       Morningstar       |       |    12 |    23 |       ||    35
       Kick              |       |       |    26 |    41 ||    67
       Bite              |       |       |    12 |    35 ||    47
       Halberd           |       |       |    89 |   382 ||   471
 Fire: Hunting sling     |       |    37 |    58 |       ||    95
Throw: Dart              |       |       |       |     3 ||     3
 Cast: Magic Dart        |    79 |    59 |    94 |   144 ||   376
       Call Imp          |       |    15 |     5 |    11 ||    31
       Conjure Flame     |       |    10 |    24 |    54 ||    88
       Mephitic Cloud    |       |     4 |    20 |    57 ||    81
       Blink             |       |       |     1 |    23 ||    24
       Fulminant Prism   |       |       |       |    20 ||    20
Invok: Curse Item        |       |       |       |     2 ||     2
Evoke: Wand              |       |       |       |    14 ||    14
  Use: Scroll            |       |       |    10 |    17 ||    27
       Potion            |       |       |     5 |    12 ||    17
 Stab: Sleeping          |       |       |     2 |     8 ||    10
       Confused          |       |       |     3 |    20 ||    23
       Distracted        |       |       |       |     1 ||     1
  Eat: Chunk             |     1 |     8 |    10 |    22 ||    41
       Ration            |       |       |     1 |     2 ||     3
Armor: Robe              |     5 |     1 |       |       ||     6
       Leather armour    |       |       |    38 |    62 ||   100
       Ring mail         |       |       |       |    55 ||    55
Dodge: Dodged            |    18 |    31 |    82 |   288 ||   419
